 Dungeon Crawl Stone Soup version 0.21.1-1-g345015f (webtiles) character file.

115 reveihort the Ruffian (level 4, -3/45 HPs)
             Began as a Troll Berserker on July 6, 2018.
             Was a Believer of Trog.
             Slain by Purgy (7 damage)
             ... in a sewer.
             The game lasted 00:14:55 (1666 turns).

reveihort the Ruffian (Troll Berserker)             Turns: 1666, Time: 00:14:59

Health: -3/45      AC:  5    Str: 26    XL:     4   Next: 68%
Magic:  3/3        EV: 10    Int:  3    God:    Trog [**....]
Gold:   144        SH:  0    Dex:  9    Spells: 3/3 levels left

rFire    . . .     SeeInvis .     - Unarmed
rCold    . . .     Gourm    +   (no shield)
rNeg     . . .     Faith    .   a - +0 animal skin
rPois    .         Spirit   .   (helmet restricted)
rElec    .         Reflect  .   (no cloak)
rCorr    .         Harm     +   (gloves unavailable)
MR       ++...                  (boots unavailable)
Stlth    +.........             e - amulet of harm
HPRegen  1.55/turn              (no ring)
MPRegen  0.08/turn              (no ring)

@: regenerating
A: large, unfitting armour, claws 3, fast metabolism 3, gourmand, regeneration
1, shaggy fur 1, tough skin 2
a: Berserk, Trog's Hand, Burn Spellbooks, Renounce Religion


You were in a sewer.
You worshipped Trog.
Trog was pleased with you.
You were very full.

You visited 1 branch of the dungeon, and saw 3 of its levels.
You also visited: Sewer.

You collected 144 gold pieces.

Inventory:

Armour
 a - a +0 animal skin (worn)
Jewellery
 e - an amulet of harm (around neck)
Scrolls
 d - a scroll of teleportation
 g - 3 scrolls of remove curse
 h - a scroll of amnesia {unknown}
 i - a scroll of blinking
 j - 3 scrolls of identify
Potions
 c - 3 potions of might
 k - a potion of berserk rage
Comestibles
 b - 4 rations
 m - 3 chunks of flesh


   Skills:
 + Level 3.0 Fighting
 + Level 3.2 Dodging
 + Level 0.3 Stealth
 + Level 4.1 Unarmed Combat


You had 3 spell levels left.
You didn't know any spells.

Dungeon Overview and Level Annotations

Branches:
Dungeon (3/15)

Altars:
Ru
Vehumet
Wu Jian
Yredelemnul

Annotations:
Sewer Purgy


Innate Abilities, Weirdness & Mutations

You are too large for most types of armour.
You have claws for hands.
Your metabolism is lightning-fast.
You like to eat raw meat.
Your natural rate of healing is unusually fast.
You are covered in fur. (AC +1)
You have very tough skin. (AC +2)


Message History

Purgy is severely wounded.
Purgy bites you.
* * * LOW HITPOINT WARNING * * *
Purgy claws you.
* * * LOW HITPOINT WARNING * * *
Purgy claws you.
* * * LOW HITPOINT WARNING * * *
You turn into a tree.
Your +0 animal skin melds into your body.
Your roots penetrate the ground.
Purgy bites you but does no damage. Purgy claws you but does no damage. x2
Okay, then.
Okay, then.
It was a potion of cancellation.
Your magical effects are unravelling.
You feel magically purged.
You feel less wooden.
Your +0 animal skin unmelds from your body.
Purgy bites you.
You die...

####### #.#
##.....## #.#
#...≈...## #.#
...≈≈≈...#######.#
∩.≈≈≈≈≈..........#
...≈≈≈...#######.#
#.÷.≈...## #.#
##.....## #.#
####### #@#
#..T..# #.......#
#.......#
#.......#
#.......#
#..$=$..#
##$$)$$##


You could see Purgy.

Vanquished Creatures
  An orc wizard (D:2)
  2 adders (D:2)
  An ooze (D:2)
  3 worms
  2 dart slugs
  A leopard gecko (D:1)
  3 giant cockroaches (D:2)
  6 goblins
  5 hobgoblins
  A ball python (D:2)
  10 bats
  3 frilled lizards
  9 kobolds
  3 rats
50 creatures vanquished.

Notes
Turn   | Place    | Note
-------+----------+-------------------------------------------
     0 | D:1      | reveihort the Troll Berserker began the quest for the Orb.
     0 | D:1      | Reached XP level 1. HP: 22/22 MP: 0/0
   612 | D:1      | Reached XP level 2. HP: 21/29 MP: 1/1
   833 | D:2      | Found a basalt altar of Yredelemnul.
   896 | D:2      | Reached XP level 3. HP: 34/36 MP: 2/2
   972 | D:2      | Reached ** piety under Trog
  1193 | D:2      | Found a sacrificial altar of Ru.
  1203 | D:2      | Reached XP level 4. HP: 35/45 MP: 3/3
  1408 | D:3      | Found an ornate altar of the Wu Jian Council.
  1430 | D:3      | Reached skill level 4 in Unarmed Combat
  1450 | D:3      | Found a radiant altar of Vehumet.
  1529 | D:3      | Found a glowing drain.
  1592 | Sewer    | Entered a sewer
  1652 | Sewer    | Noticed Purgy
  1664 | Sewer    | HP: 2/45 [Purgy (4)]
  1666 | Sewer    | Slain by Purgy

Skill      XL: |  1  2  3  4 |
---------------+-------------+-----
Dodging        | 3 |  3.2
Fighting       | 3 |  3.0
Unarmed Combat | 4 |  4.1
Stealth        | |  0.3

Action                   |  1- 3 |  4- 6 || total
-------------------------+-------+-------++-------
Melee: Unarmed           |    79 |    61 ||   140
Invok: Trog's Hand       |       |     1 ||     1
  Use: Scroll            |     8 |       ||     8
       Potion            |       |     2 ||     2
  Eat: Chunk             |    10 |     7 ||    17
       Ration            |     1 |       ||     1
Armor: Animal skin       |    29 |    54 ||    83
       Skin              |       |     3 ||     3
Dodge: Dodged            |    39 |    67 ||   106
